 Dungeon Crawl Stone Soup version 0.31-a0-557-g6e16503903 (webtiles) character file.

Game seed: 17503372688169680184

3330 RepHenryClay the Nimble (level 9, -11/45 HPs)
             Began as a Deep Elf Hedge Wizard on Aug 16, 2023.
             Was an Initiate of Vehumet.
             Mangled by a human
             ... wielding a +0 war axe
              (16 damage)
             ... in a bailey.
             The game lasted 00:14:17 (8220 turns).

RepHenryClay the Nimble (Deep Elf Hedge Wizard)     Turns: 8220, Time: 00:14:17

Health: -11/45     AC:  5    Str: 10    XL:     9   Next: 71%
Magic:  13/18      EV: 23    Int: 22    God:    Vehumet [......]
Gold:   393        SH:  0    Dex: 16    Spells: 8/17 levels left

rFire   + . .        a - +2 dagger (venom)
rCold   + . .        (no shield)
rNeg    . . .        m - +2 robe {rC+}
rPois   .            c - +0 hat
rElec   .            z - +0 cloak
rCorr   +            (no gloves)
SInv    .            (no boots)
Will    +....        E - amulet "Qaelon" {RegenMP Will+ rCorr Str+3}
Stlth   ++           i - ring of protection from fire
HPRegen 0.27/turn    p - +5 ring of evasion
MPRegen 0.56/turn

%: no passive effects
@: no status effects
A: no striking features
a: Renounce Religion


You were in a bailey.
You worshipped Vehumet.
Vehumet was noncommittal.
You visited 2 branches of the dungeon, and saw 8 of its levels.
You also visited: Bailey.

You collected 393 gold pieces.

Inventory:

Hand Weapons
 a - a +2 dagger of venom (weapon)
 g - a +1 short sword of freezing
 j - a +0 dagger
Armour
 c - a +0 hat (worn)
 m - a +2 robe of cold resistance (worn)
 z - a +0 cloak (worn)
Jewellery
 i - a ring of protection from fire (left hand)
 n - a ring of flight
 p - a +5 ring of evasion (right hand)
 E - the amulet "Qaelon" (around neck) {RegenMP Will+ rCorr Str+3}
   (You found it on level 6 of the Dungeon)

   [amulet of magic regeneration]

   RegenMP:   It increases your rate of magic regeneration.
   Str+3:     It affects your strength (+3).
   Will+:     It increases your willpower.
   rCorr:     It protects you from acid and corrosion.
Wands
 b - a wand of charming (8)
 y - a wand of polymorph (7)
Scrolls
 h - 3 scrolls of identify {unknown}
 k - 3 scrolls of blinking {unknown}
 l - 2 scrolls of enchant armour {unknown}
 q - 3 scrolls of fog {unknown}
 r - a scroll of immolation {unknown}
 t - a scroll of torment {unknown}
 u - 3 scrolls of brand weapon {unknown}
 v - a scroll of fear {unknown}
 w - 2 scrolls of poison {unknown}
 x - 3 scrolls of teleportation {unknown}
 B - 2 scrolls of enchant weapon {unknown}
 D - a scroll of revelation {unknown}
Potions
 d - a potion of magic
 e - a potion of haste {unknown}
 f - 5 potions of heal wounds
 o - 8 potions of curing {unknown}
 s - 3 potions of degeneration {unknown}
 A - a potion of brilliance {unknown}
 C - a potion of berserk rage {unknown}
 F - a potion of invisibility {unknown}


   Skills:
 + Level 3.1 Short Blades
 - Level 11.6 Dodging
 - Level 3.0 Stealth
 - Level 4.7 Spellcasting
 - Level 8.4 Conjurations
 - Level 1.6 Summonings
 - Level 1.7 Translocations
 - Level 5.0 Earth Magic


You had 8 spell levels left.
You knew the following spells:

 Your Spells              Type           Power      Damage    Failure   Level
a - Magic Dart            Conj           100%       1d8       1%          1
b - Blink                 Tloc           24%        N/A       8%          2
c - Mephitic Cloud        Conj/Pois/Air  17%        N/A       10%         3
d - Stone Arrow           Conj/Erth      68%        3d11      1%          3

Your spell library contained the following spells:

 Spells                   Type           Power      Damage    Failure   Level
 Sandblast                Erth           54%        2d13      1%          1
 Passwall                 Tmut/Erth      13%        N/A       5%          2
 Call Imp                 Summ           24%        N/A       9%          2
 Slow                     Hex            20%        N/A       11%         1
 Cigotuvi's Dreadful Rot  Necr/Pois/Air  10%        N/A       16%         2


Dungeon Overview and Level Annotations

Branches:
Dungeon (7/15)             Temple (1/1) D:6          Bailey (1/1)

Altars:
Ashenzari
Cheibriados
Dithmenos
Elyvilon
Fedhas
Gozag
Hepliaklqana
Kikubaaqudgha
Nemelex Xobeh
Qazlal
Trog
Uskayaw
Vehumet
Wu Jian
Xom
Yredelemnul
Zin
The Shining One

Shops:
D:5 [


Message History

Things that are here:
a +2 heavy hand axe; a +0 ring mail; a human corpse Huge Dmg: -35%(-16hp) hp: 23%(10hp)
You hit the human.
The human is poisoned.
The human is severely wounded.
The goblin closely misses you.
You barely miss the human.
The human is severely wounded.
The goblin barely misses you. The goblin attacks as you move away!
The goblin completely misses you.
The human hits the gnoll with a +0 war axe!
There is a gate leading back out of this place, spattered with blood here.
Casting: Mephitic Cloud (dangerous; 10% risk of failure)
Confirm with . or Enter, or press ? or * to list all spells.
Aiming: Mephitic Cloud (dangerous; 10% risk of failure)
Press: ? - help, Shift-Dir - straight line, f - gnoll
Aim: a gnoll, wielding a +0 hand axe and wearing a +0 leather armour (severely wounded, chance to affect: 91%)
The ball explodes into a vile cloud!
The stinking cloud engulfs the gnoll but does no damage.
The gnoll is severely wounded.
The stinking cloud engulfs the goblin but does no damage.
The stinking cloud engulfs the human but does no damage.
The human is severely wounded.
The gnoll is engulfed in noxious fumes.
The gnoll appears confused.
The gnoll screams, "I'll kill you anyway!"
The human is engulfed in noxious fumes.
The human appears confused.
The goblin is engulfed in noxious fumes.
The goblin appears confused.
The goblin barely misses you.
Unknown command.
You hit the goblin.
You kill the goblin!
Vehumet accepts your kill.
The human is engulfed in noxious fumes.
The human appears confused.
You hit the human.
The human looks as sick as possible!
The human is almost dead.
The gnoll hits you with a +0 hand axe.
* * * LOW HITPOINT WARNING * * *
The human is engulfed in noxious fumes.
The human appears confused.
The human hits you with a +0 war axe!
You die...

##### #####
......
##..)##......
#..@p)pg)..#
#..)g°#####
#..∩☼☼○o~~#
##...##~~~~#
##### ~~~~'.
~~~#. ~~## ##


You could see 2 humans, a gnoll (confused), an orc and a goblin.

Vanquished Creatures
  A hornet (D:7)
  Sigmund (D:5)
  3 humans (Bailey)
  2 steam dragons
  Edmund (D:5)
  An ice beast (D:5)
  An orc warrior (D:6)
  A black bear (D:5)
  2 ogres
  4 centaurs
  4 bullfrogs
  2 gnoll sergeants (D:6)
  2 howler monkeys
  3 jellies
  3 orc priests
  5 hounds
  Crazy Yiuf (D:5)
  A sleepcap (D:6)
  5 iguanas
  3 orc wizards
  12 adders
  13 gnolls
  2 shadow imps (D:7)
  2 white imps
  3 worms
  A dart slug (D:1)
  14 orcs
  6 ball pythons
  7 bats
  4 endoplasms
  8 giant cockroaches
  14 goblins
  9 hobgoblins
  7 kobolds
  A quokka (D:3)
  4 frilled lizards
  7 rats
160 creatures vanquished.

Notes
Turn   | Place    | Note
-------+----------+-------------------------------------------
     0 | D:1      | RepHenryClay the Deep Elf Hedge Wizard began the quest for
                  | the Orb.
     0 | D:1      | Reached XP level 1. HP: 10/10 MP: 7/7
   272 | D:1      | Reached XP level 2. HP: 15/15 MP: 4/9
   801 | D:1      | Learned a level 2 spell: Blink
  1405 | D:2      | Reached XP level 3. HP: 19/19 MP: 1/11
  2429 | D:3      | Reached XP level 4. HP: 24/24 MP: 7/12
  2630 | D:3      | Reached XP level 5. HP: 25/28 MP: 8/14
  2640 | D:3      | Learned a level 3 spell: Mephitic Cloud
  3567 | D:4      | Reached skill level 5 in Conjurations
  3685 | D:4      | Learned a level 3 spell: Stone Arrow
  3827 | D:4      | Reached skill level 1 in Earth Magic
  3843 | D:4      | Reached XP level 6. HP: 13/32 MP: 5/15
  4482 | D:5      | Entered Level 5 of the Dungeon
  4572 | D:5      | Reached skill level 5 in Earth Magic
  4572 | D:5      | Reached skill level 3 in Dodging
  4572 | D:5      | Reached XP level 7. HP: 15/36 MP: 9/16
  4656 | D:5      | Found Vosi's Armour Emporium.
  4702 | D:5      | Reached skill level 4 in Dodging
  4905 | D:5      | Found a runed translucent door.
  4906 | D:5      | Noticed Crazy Yiuf
  4931 | D:5      | Reached skill level 5 in Dodging
  4991 | D:5      | Reached skill level 6 in Dodging
  5076 | D:5      | Reached skill level 7 in Dodging
  5182 | D:5      | Reached XP level 8. HP: 41/41 MP: 0/17
  5666 | D:5      | Noticed Edmund
  5668 | D:5      | Reached skill level 8 in Dodging
  5719 | D:5      | Killed Edmund
  5872 | D:5      | Noticed Sigmund
  5880 | D:5      | Killed Sigmund
  5881 | D:5      | Reached skill level 9 in Dodging
  6048 | D:5      | Killed Crazy Yiuf
  6173 | D:6      | Reached skill level 10 in Dodging
  6576 | D:6      | Reached XP level 9. HP: 45/45 MP: 2/18
  7200 | D:6      | Reached skill level 11 in Dodging
  7322 | D:6      | Found a staircase to the Ecumenical Temple.
  7353 | Temple   | Entered the Ecumenical Temple
  7622 | D:6      | Found a basalt altar of Yredelemnul.
  7623 | D:6      | Found a sparkling altar of Nemelex Xobeh.
  7623 | D:6      | Found a glowing silver altar of Zin.
  7625 | D:6      | Found a shadowy altar of Dithmenos.
  7625 | D:6      | Found a hazy altar of Hepliaklqana.
  7629 | D:6      | Found a hide-covered altar of Uskayaw.
  7629 | D:6      | Found a radiant altar of Vehumet.
  7630 | D:6      | Found a broken altar of Ashenzari.
  7638 | D:6      | Became a worshipper of Vehumet
  7749 | D:6      | Identified the amulet "Qaelon" {RegenMP Will+ rCorr Str+3}
  8122 | D:7      | Found a flagged portal.
  8132 | Bailey   | Entered a bailey
  8220 | Bailey   | Mangled by a human

Illustrated notes

Levels and vault maps discovered:
D:1:      pf_arrival_petrified_forest, layout_basic
D:2:      layout_loops_corners, kennysheep_nondescript, minmay_fractal_squares_5
D:3:      layout_basic, nrook_mini_vaults
D:4:      layout_basic, serial_bayou_lagoon_b
D:5:      minmay_evil_eye, layout_rooms, serial_shops, nicolae_shop_tiny_glass,
          sigmund_edmund_badplayer, uniq_crazy_yiuf_cottage
D:6:      layout_gridville, grunt_temple_overflow_open, temple_doors_e,
          minivault_10, hangedman_abyss_or_decor_stagger,
          nicolae_figureground_pulse
D:7:      layout_cave_pools, mainiacjoe_overflow_brackets, enter_bailey_5,
          serial_bayou_pond_e, uniq_maggie, uniq_duvessa
Temple:   eino_temple_lava
Bailey:   bailey_axe_froggy_fort_hellmonk, bailey

Skill      XL: |  1  2  3  4  5  6  7  8  9 |
---------------+----------------------------+-----
Stealth        | 3 |  3.0
Conjurations   | 2 4 5 6 8 |  8.4
Earth Magic    | 2 5 |  5.0
Dodging        | 3 7 10 11 | 11.6
Short Blades   | 3 |  3.1
Spellcasting   | |  4.7
Summonings     | |  1.6
Translocations | |  1.7

Action                     |  1- 3 |  4- 6 |  7- 9 || total
---------------------------+-------+-------+-------++-------
  Melee: Dagger            |    24 |    80 |   118 ||   222
         Punch             |     2 |     3 |     2 ||     7
   Cast: Magic Dart        |    95 |    90 |    32 ||   217
         Stone Arrow       |       |     8 |    79 ||    87
         Blink             |       |     1 |     2 ||     3
         Mephitic Cloud    |       |       |    18 ||    18
    Use: Potion            |       |     2 |     2 ||     4
   Stab: Sleeping          |     1 |       |       ||     1
         Confused          |       |       |     7 ||     7
 Armour: Robe              |     9 |    14 |    21 ||    44
  Dodge: Dodged            |    32 |    59 |   158 ||   249

Table legend: (Time is in decaauts)
 A = Elapsed time spent in this place.
 B = Non-inter-level travel time spent in this place.
 C = Inter-level travel time spent in this place.
 D = Time resting spent in this place.
 E = Time spent auto-exploring this place.
 F = Levels seen in this place.
 G = Mean time per level.
                   A        B        C        D        E       F      G
               +--------+--------+--------+--------+--------+-----+--------+
         Total |   8223 |   7966 |    257 |    482 |   6296 |   9 |  913.7 |
       Dungeon |   8134 |   7877 |    257 |    482 |   6253 |   7 | 1162.0 |
        Temple |      1 |      1 |      0 |      0 |      0 |   1 |    1.0 |
        Bailey |     87 |     87 |      0 |      0 |     43 |   1 |   87.0 |
               +--------+--------+--------+--------+--------+-----+--------+

Top non-repeatable levels by time:
     D:5: 1715 daAuts
     D:6: 1640 daAuts
     D:1: 1324 daAuts
     D:3: 1283 daAuts
     D:2: 1079 daAuts
     D:4: 1014 daAuts
  Bailey: 87 daAuts
     D:7: 76 daAuts
  Temple: 1 daAuts
